 Dungeon Crawl Stone Soup version 0.15.1-3-g1b33baa (webtiles) character file.

135 Kex the Skirmisher (level 5, -4/43 HPs)
             Began as a Formicid Abyssal Knight on Oct 5, 2014.
             Was a Believer of Lugonu.
             Slain by a goblin
             ... wielding a +0 dagger
              (5 damage)
             ... on Level 3 of the Dungeon.
             The game lasted 00:10:15 (2843 turns).

Kex the Skirmisher (Formicid Abyssal Knight)        Turns: 2843, Time: 00:10:15

HP  -4/43        AC  5     Str 17      XL: 5   Next: 41%
MP   9/10        EV 10     Int 11      God: Lugonu [**....]
Gold 149         SH  0     Dex 11      Spells:  0 memorised,  4 levels left

rFire  . . .     SeeInvis +     a - +1 spear
rCold  . . .     Clarity  .     e - +0 ring mail
rNeg   . . .     rCorr    .     (no shield)
rPois  .         rRot     .     (helmet unavailable)
rElec  .         Spirit   .     (no cloak)
SustAb .         Warding  .     (no gloves)
rMut   .         Stasis   +     (no boots)
Gourm  .                        (no amulet)
MR     .....                    (no ring)
                                (no ring)

@: not resistant to hostile enchantments, very unstealthy
A: permanent stasis, dig shafts and tunnels, four strong arms, antennae 3
a: Dig, Shaft Self, Depart the Abyss, Bend Space, Renounce Religion


You were on level 3 of the Dungeon.
You worshipped Lugonu.
Lugonu was pleased with you.
You were hungry.

You visited 1 branch of the dungeon, and saw 4 of its levels.
You visited the Abyss 1 time.

You collected 149 gold pieces.

Inventory:

Hand weapons
 a - a +1 spear (weapon)
Armour
 e - a +0 ring mail (worn)
Comestibles
 c - a bread ration
 d - a meat ration
 l - a royal jelly
Scrolls
 i - 2 scrolls of remove curse
 j - a scroll of fog {unknown}
 k - a scroll of blinking {unknown}
 n - a scroll of identify {unknown}
 p - a scroll of magic mapping {unknown}
Potions
 b - 3 potions of brilliance {unknown}
 h - a potion of restore abilities {unknown}
 m - a potion of mutation {unknown}
 o - a potion of resistance {unknown}
 r - a potion of might
 s - a potion of curing {unknown}
 t - a potion of poison {unknown}


   Skills:
 + Level 4.3 Fighting
 + Level 2.4 Polearms
 + Level 3.0 Armour
 + Level 2.0 Dodging
 + Level 1.0 Stealth
 * Level 3.2 Invocations


You had 4 spell levels left.
You didn't know any spells.

Dungeon Overview and Level Annotations

Branches:
Dungeon (4/15)
 Temple: D:4-7

Altars:

Shops:
D:4 *

Annotations:
D:3 Terence


Innate Abilities, Weirdness & Mutations

Your are under a permanent stasis effect.
You can dig through walls and to a lower floor.
Your four strong arms can wield two-handed weapons with a shield.
You have a pair of large antennae on your head (SInv).


Message History

You hit Terence.
Terence is moderately wounded.
Terence hits you with a flail.
You hit Terence but do no damage.
Terence is moderately wounded.
Terence hits you with a flail!
* * * LOW HITPOINT WARNING * * *
You are too injured to fight recklessly!
Use which ability? (? or * to list)
Okay, then.
Use which ability? (? or * to list) Space bends around you!
You blink.
* * * LOW HITPOINT WARNING * * *
You feel slightly more hungry.
Terence zaps a wand.
The puff of flame hits you!
* * * LOW HITPOINT WARNING * * *
There is a stone staircase leading down here.
There is a stone staircase leading up here.
The goblin hits you with a dagger.
You die...

##########.#
#.# #%# #.#
#######.###
#.........#
#.........#
#...@)....#
#@g.......#
#.........#
#.........#
#.........#
#.[.......#
#..........#
#...........
#..........##
.....$....#


You could see Terence and a goblin.

Vanquished Creatures
  A worker ant (D:4)
  Ijyb (D:3)
  2 adders (D:2)
  A giant mite (D:4)
  A worm (D:4)
  A giant gecko (D:1)
  An orc (D:4)
  2 ball pythons
  13 bats
  2 giant cockroaches (D:2)
  6 goblins
  11 hobgoblins
  3 jackals (D:2)
  5 kobolds
  A quokka (D:4)
  2 giant newts (D:2)
  7 rats
60 creatures vanquished.

Notes
Turn   | Place    | Note
--------------------------------------------------------------
     0 | Abyss:1  | Kex, the Formicid Abyssal Knight, began the quest for the Orb.
     0 | Abyss:1  | Reached XP level 1. HP: 18/18 MP: 1/1
   163 | Abyss:1  | Noticed a shadow
   165 | D:1      | Escaped the Abyss
   246 | D:1      | Reached skill level 1 in Dodging
   246 | D:1      | Reached XP level 2. HP: 20/24 MP: 3/3
   259 | D:1      | Acquired Lugonu's first power
   631 | D:1      | Reached skill level 4 in Fighting
   649 | D:1      | Reached XP level 3. HP: 25/30 MP: 5/5
   982 | D:2      | Acquired Lugonu's second power
  1162 | D:2      | Reached XP level 4. HP: 20/37 MP: 6/6
  1815 | D:3      | Noticed Ijyb
  1860 | D:3      | Killed Ijyb
  2032 | D:4      | Found Ghaf's Assorted Antiques.
  2380 | D:4      | Reached skill level 1 in Stealth
  2380 | D:4      | Reached XP level 5. HP: 30/43 MP: 8/10
  2813 | D:3      | Noticed Terence
  2841 | D:3      | HP: 1/43 [Terence/wand of flame (9)]
  2843 | D:3      | Slain by a goblin

Action                   |  1- 3 |  4- 6 || total
-------------------------+-------+-------++-------
Melee: Spear             |   131 |   170 ||   301
Invok: Depart the Abyss  |     1 |       ||     1
       Bend Space        |       |     1 ||     1
  Use: Scroll            |       |     3 ||     3
       Potion            |       |     3 ||     3
  Eat: Chunk             |     1 |     5 ||     6
